 Dungeon Crawl Stone Soup version 0.31-a0-18-gea43df2a32 (webtiles) character file.

Game seed: 5745772170399481900

19 scionoferis the Magician (level 2, 0/23 HPs)
             Began as a Djinni Warper on May 12, 2023.
             Slain by Natasha (1 damage)
             ... on level 2 of the Dungeon.
             The game lasted 00:02:05 (1117 turns).

scionoferis the Magician (Djinni Warper)            Turns: 1117, Time: 00:02:06

Health: 0/23       AC:  4    Str: 10    XL:     2   Next: 95%
Gold:   30         EV: 11    Int: 14    God:
                   SH:  0    Dex: 12

rFire   + + .        a - +0 falchion
rCold   x . .        (no shield)
rNeg    . . .        b - +0 leather armour
rPois   ∞            (no helmet)
rElec   .            m - +0 cloak
rCorr   .            (no gloves)
SInv    .            (boots unavailable)
Will    .....        (no amulet)
Stlth   +            (no ring)
HPRegen 0.23/turn    (no ring)
MPRegen 0.00/turn

%: infuse magic (-1 HP)
@: flying
A: sickness immunity, fire resistance 2, cold vulnerability 1, float, innate
caster, HP casting, extra vitality 1
a: no special abilities


You were on level 2 of the Dungeon.
You visited 1 branch of the dungeon, and saw 2 of its levels.

You collected 30 gold pieces.


Innate Abilities, Weirdness & Mutations

You are immune to sickness and miasma.
You are immune to poison.
Your flesh is very heat resistant. (rF++)
You are vulnerable to cold. (rC-)
You float through the air rather than walking.
You learn spells naturally, not from books.
Your magical power is your life essence.
You have superior vitality. (+4 MHP)


   Skills:
 + Level 2.1 Fighting
 * Level 2.2 Long Blades
 - Level 0.7 Throwing
 - Level 1.0 Armour
 - Level 2.1 Dodging
 + Level 0.4 Stealth
 * Level 2.7 Spellcasting


You knew the following spells:

 Your Spells              Type           Power      Damage    Failure   Level
a - Blink                 Tloc           18%        N/A       16%         2
b - Lesser Beckoning      Tloc           18%        N/A       16%         2
c - Vhi's Electric Charg  Tloc/Air       18%        N/A       30%         3
d - Teleport Other        Tloc           9%         N/A       30%         3
e - Manifold Assault      Tloc           9%         N/A       69%         4
Your spell library was empty.

Inventory:

Hand Weapons
 a - a +0 falchion (weapon)
 j - a +0 long sword
   (You found it on level 1 of the Dungeon)
Missiles
 d - 7 boomerangs of dispersal
 n - 2 boomerangs (quivered)
Armour
 b - a +0 leather armour (worn)
 m - a +0 cloak (worn)
   (You found it on level 2 of the Dungeon)
Scrolls
 c - a scroll of blinking
 e - a scroll of brand weapon {unknown}
 g - 3 scrolls of teleportation {unknown}
 k - a scroll of butterflies {unknown}
 l - a scroll of poison {unknown}
 o - a scroll of noise {unknown}
Potions
 f - a potion of brilliance {unknown}
 h - 2 potions of magic {unknown}
 i - 2 potions of degeneration {unknown}

Dungeon Overview and Level Annotations

Branches:
Dungeon (2/15)

Altars:

Annotations:
D:2 Natasha

########...
#..@h.)....
##.#######.
#...# ###>#
#.# #.#
#.####
#.##.###
#......#
#....#


You could see Natasha.


Message History

Welcome, scionoferis the Djinni Warper.
Everyone else who sought the Orb of Zot has failed.
Will you be different?
Press ? for a list of commands and other information.
Found a staircase leading out of the dungeon.
You begin with the following spells memorised: Blink, Lesser Beckoning, Vhi's Electric Charge, Teleport Other, Manifold Assault.
You reach down and open the door.
A rat comes into view.
You barely miss the rat. The rat closely misses you.
You hit the rat but do no damage. The rat barely misses you.
You hit the rat.
You kill the rat!
No target in view!
There is an open door here.
You see here a rat corpse.
As you open the door, it creaks loudly!
There is an open door here.
You reach down and open the door.
There is an open door here.
You reach down and open the door.
There is an open door here.
e - a scroll labelled WEALOHAFRI
Found a book of Minor Magic.
A ball python comes into view.
Found 14 gold pieces.
The ball python moves out of view.
You barely miss the ball python.
The ball python bites you but does no damage.
The ball python grabs you. The ball python constricts you.
You hit the ball python.
The ball python is severely wounded.
The ball python bites you but does no damage.
The ball python constricts you. The ball python bites you.
The ball python constricts you.
You hit the ball python.
You kill the ball python!
No target in view!
HP restored.
A goblin comes into view. It is wielding a +0 club.
Found a fizzy white potion.
The goblin shouts!
You closely miss the goblin. The goblin hits you with a +0 club.
You hit the goblin.
The goblin is severely wounded.
The goblin closely misses you.
You hit the goblin.
You kill the goblin!
A ball python comes into view.
Things that are here:
a +0 club; a goblin corpse The ball python hisses angrily.
The ball python barely misses you. The ball python grabs you.
The ball python constricts you.
You closely miss the ball python.
The ball python bites you but does no damage.
The ball python constricts you.
You hit the ball python.
The ball python is severely wounded.
The ball python bites you. The ball python constricts you.
The ball python bites you. The ball python constricts you.
You closely miss the ball python.
The ball python is severely wounded.
The ball python bites you. The ball python constricts you.
You hit the ball python.
You kill the ball python!
No target in view!
You now have 14 gold pieces.
Things that are here:
a +0 club; a goblin corpse
Found a stone staircase leading down.
f - a fizzy white potion
g - a scroll labelled YXACWY KUEJOMYR
g - 2 scrolls labelled YXACWY KUEJOMYR (gained 1)
Found a stone staircase leading down.
There is a stone staircase leading down here.
Found a book of Displacement.
A jackal comes into view.
The jackal barks!
A jackal comes into view.
You hit the jackal.
The jackal is heavily wounded.
The jackal barely misses you. The jackal bites you.
A ball python comes into view.
You barely miss the jackal.
The jackal is heavily wounded.
The jackal closely misses you. The jackal bites you.
You hit the jackal but do no damage.
The jackal is heavily wounded.
The jackal bites you.
You hit the jackal.
You kill the jackal!
The jackal misses you.
You hit the jackal but do no damage.
The jackal bites you but does no damage.
The jackal bites you.
You barely miss the jackal. The jackal closely misses you.
You closely miss the jackal. The jackal barely misses you. x2
You hit the jackal.
The jackal is moderately wounded.
The jackal bites you but does no damage.
You hit the jackal but do no damage.
The jackal is moderately wounded.
The jackal closely misses you. The jackal bites you.
You slash the jackal!
You kill the jackal!
Your Long Blades skill increases to level 2!
You have reached level 2!
You start resting.
HP restored.
You closely miss the ball python. The ball python barely misses you. x2
You hit the ball python but do no damage.
The ball python bites you but does no damage.
The ball python grabs you. The ball python constricts you.
The ball python bites you but does no damage.
The ball python constricts you.
You slash the ball python!
You kill the ball python!
No target in view!
h - 2 bubbling coppery potions A bat comes into view.
A ball python comes into view.
You hit the bat.
You kill the bat!
i - a grey potion No target in view!
Found a long sword.
Found a stone staircase leading down.
You see here a +0 long sword.
j - a +0 long sword
Found an escape hatch in the floor.
i - 2 grey potions (gained 1)
A rat comes into view.
A rat is nearby!
A quokka comes into view.
Found a scroll labelled BAEMYSUHYSK.
The rat twitches its whiskers.
The rat bites you.
You hit the rat.
You kill the rat!
You closely miss the quokka. The quokka bites you.
You hit the quokka.
The quokka is severely wounded.
The quokka bites you. The quokka closely misses you.
You hit the quokka.
You kill the quokka!
No target in view!
No target in view!
k - a scroll labelled BAEMYSUHYSK The ball python hisses angrily.
You barely miss the ball python. The ball python barely misses you.
The ball python closely misses you.
You barely miss the ball python.
The ball python bites you but does no damage.
The ball python barely misses you. x2; The ball python grabs you.
The ball python constricts you.
You hit the ball python.
You kill the ball python!
No target in view!
You now have 26 gold pieces (gained 12).
Found a trident.
You reach down and open the door.
There is an open door here.
Found a scale mail.
A kobold comes into view. It is wielding a +0 club.
The kobold shouts!
A rat comes into view.
You closely miss the kobold. The kobold hits you with a +0 club.
You hit the kobold.
You kill the kobold!
The rat twitches its whiskers.
You barely miss the rat. The rat barely misses you.
You slash the rat!
You kill the rat!
No target in view!
Found 4 stones.
You reach down and open the door.
There is an open door here.
There is an open door here.
You reach down and open the door.
There is an open door here.
There is an open door here.
A bat comes into view.
The bat closely misses you.
You hit the bat.
You kill the bat!
You see here a bat corpse.
There is an open door here.
There is an open door here.
You reach down and open the door.
Found 3 stones.
A giant cockroach comes into view.
The giant cockroach closely misses you.
There is an open door here.
You closely miss the giant cockroach. The giant cockroach barely misses you.
The giant cockroach bites you but does no damage.
You hit the giant cockroach.
The giant cockroach is severely wounded.
The giant cockroach bites you but does no damage.
You barely miss the giant cockroach.
The giant cockroach is severely wounded.
The giant cockroach bites you but does no damage.
You hit the giant cockroach.
The giant cockroach is severely wounded.
The giant cockroach bites you but does no damage.
The giant cockroach closely misses you.
You hit the giant cockroach.
You kill the giant cockroach!
No target in view!
As you open the door, it creaks loudly!
There is an open door here.
You reach down and open the door.
You reach down and open the door.
A rat comes into view.
Found 5 stones and 4 gold pieces.
The rat bites you.
There is an open door here.
You closely miss the rat. The rat barely misses you.
You slash the rat!
You kill the rat!
No target in view!
You now have 30 gold pieces (gained 4).
There is an open door here.
There is an open door here.
l - a scroll labelled VIUCOX SUANU Done exploring.
Throw: 7 boomerangs (disperse)
Press: ? - help, Shift-Dir - straight line, f - you
Okay, then.
Search for what [? for help]? d: Unknown command.
There is a stone staircase leading down here.
You fly downwards.
Found 2 boomerangs and a cloak.
There is a stone staircase leading up here.
You see here a +0 cloak.
m - a +0 cloak You start putting on your armour.
You continue putting on your +0 cloak. x4
You finish putting on your +0 cloak.
n - 2 boomerangs
Found 4 stones.
A rat comes into view.
The rat twitches its whiskers.
You barely miss the rat. The rat closely misses you.
You slash the rat!
You kill the rat!
No target in view!
You see here a rat corpse.
o - a scroll labelled GOUJUT ONLI You see here a rat corpse.
Found a war axe.
An endoplasm comes into view.
A frilled lizard comes into view.
The frilled lizard hisses angrily.
The endoplasm quivers.
The frilled lizard unfolds its giant frill.
Throw: 2 boomerangs
Press: ? - help, Q - select action, (/) - cycle Shift-Dir - straight line, f - endoplasm
Aim: an endoplasm (85% to hit)
You throw a boomerang. The boomerang hits the endoplasm.
You kill the endoplasm!
Unknown command.
The frilled lizard misses you.
You miss the frilled lizard. The frilled lizard closely misses you.
You miss the frilled lizard. The frilled lizard bites you.
The frilled lizard barely misses you.
You barely miss the frilled lizard.
The frilled lizard completely misses you.
You closely miss the frilled lizard. The frilled lizard bites you.
You barely miss the frilled lizard.
The frilled lizard bites you but does no damage.
You closely miss the frilled lizard.
The frilled lizard bites you but does no damage.
You closely miss the frilled lizard.
The frilled lizard bites you but does no damage.
The frilled lizard completely misses you.
You barely miss the frilled lizard.
The frilled lizard bites you but does no damage.
You barely miss the frilled lizard.
The frilled lizard bites you but does no damage.
You barely miss the frilled lizard.
The frilled lizard bites you but does no damage.
You slash the frilled lizard!
You kill the frilled lizard!
No target in view!
Found a stone staircase leading down.
Found a club.
Found a stone staircase leading down.
There is a stone staircase leading down here.
A ball python comes into view.
Found a leather armour.
Found a stone staircase leading up.
The ball python barely misses you. The ball python grabs you.
The ball python constricts you.
You slash the ball python!
You kill the ball python!
No target in view!
g - 3 scrolls labelled YXACWY KUEJOMYR (gained 1)
Found a stone staircase leading down.
There is a stone staircase leading down here.
Natasha, Servant of Life and Death comes into view.
Found a runed sling.
Unknown command.
Natasha hisses angrily.
You hit Natasha.
Natasha is lightly wounded.
Natasha claws you. x2
You hit Natasha.
Natasha is moderately wounded.
Natasha claws you!
You hit Natasha.
Natasha is severely wounded.
Natasha claws you.
* * * LOW HITPOINT WARNING * * *
You closely miss Natasha.
Natasha is severely wounded.
Natasha claws you.
You die...

Skill      XL: |  1 |
---------------+----+-----
Long Blades    | 2 |  2.2
Fighting       | |  2.1
Throwing       | |  0.7
Armour         | |  1.0
Dodging        | |  2.1
Stealth        | |  0.4
Spellcasting   | |  2.7

Action                     || total
---------------------------++-------
  Melee: Falchion          ||    64
  Throw: Boomerang         ||     1
 Armour: Leather armour    ||    18
  Dodge: Dodged            ||    31

Levels and vault maps discovered:
D:1:      dpeg_arrival_prison, layout_basic, serial_glass, glass_columns_b,
          glass_columns_a, minmay_strange_pillars, feat_on_display,
          minmay_strange_pillars, feat_on_display
D:2:      layout_rooms, basic_altar, item_on_display_a, uniq_natasha,
          uniq_crazy_yiuf_cottage

Notes
Turn   | Place    | Note
-------+----------+-------------------------------------------
     0 | D:1      | scionoferis the Djinni Warper began the quest for the Orb.
     0 | D:1      | scionoferis set off with the following spells memorised:
                  | Blink, Lesser Beckoning, Vhi's Electric Charge, Teleport
                  | Other, Manifold Assault.
     0 | D:1      | Reached XP level 1. HP: 18/18 MP: 0/0
   163 | D:1      | Reached skill level 2 in Long Blades
   163 | D:1      | Reached XP level 2. HP: 17/23 MP: 0/0
  1112 | D:2      | Noticed Natasha
  1116 | D:2      | HP: 1/23 [Natasha (6)]
  1117 | D:2      | Slain by Natasha

Vanquished Creatures
  2 bats (D:1)
  An endoplasm (D:2)
  A giant cockroach (D:1)
  A goblin (D:1)
  2 jackals (D:1)
  A quokka (D:1)
  5 ball pythons (D:1 D:2)
  A frilled lizard (D:2)
  A kobold (D:1)
  5 rats (D:1 D:2)
20 creatures vanquished.

Table legend: (Time is in decaauts)
 A = Elapsed time spent in this place.
 B = Non-inter-level travel time spent in this place.
 C = Inter-level travel time spent in this place.
 D = Time resting spent in this place.
 E = Time spent auto-exploring this place.
 F = Levels seen in this place.
 G = Mean time per level.
                   A        B        C        D        E       F      G
               +--------+--------+--------+--------+--------+-----+--------+
         Total |   1129 |   1109 |     20 |     25 |    887 |   2 |  564.5 |
       Dungeon |   1129 |   1109 |     20 |     25 |    887 |   2 |  564.5 |
               +--------+--------+--------+--------+--------+-----+--------+

Top non-repeatable levels by time:
     D:1: 905 daAuts
     D:2: 224 daAuts

Table legend:
 A = Non-vault XP
 B = Vault XP
 C = Vault XP percentage of total XP
 D = Non-vault monster count
 E = Vault monster count
 F = Vault count percentage of total count
                 A         B        C        D         E       F
            +---------+---------+-------+---------+---------+-------
      Total |      24 |       4 |  14.3 |      17 |       3 |  15.0
            +---------+---------+-------+---------+---------+-------
        D:1 |      19 |       4 |  17.4 |      13 |       3 |  18.8
        D:2 |       5 |       0 |   0.0 |       4 |       0 |   0.0
            +---------+---------+-------+---------+---------+-------
